 Dungeon Crawl Stone Soup version 0.28.0-53-g5a82cb258f (webtiles) character file.

Game seed: 15051139967178603277

12590 doricub5 the Warrior (level 11, 0/113 HPs)
             Began as a Minotaur Berserker on Aug 6, 2022.
             Was an Elder of Trog.
             Succumbed to a water moccasin's poison
             ... on level 2 of the Lair of Beasts.
             The game lasted 00:41:48 (13029 turns).

doricub5 the Warrior (Minotaur Berserker)          Turns: 13029, Time: 00:41:49

Health: 0/113      AC: 20    Str: 26    XL:     11   Next: 64%
Magic:  10/10      EV: 11    Int:  6    God:    Trog [****..]
Gold:   742        SH:  0    Dex: 16    Spells: 10/10 levels left

rFire   . . .      SeeInvis +   E - +5 halberd (freeze)
rCold   . . .      Faith    .   (shield currently unavailable)
rNeg    + . .      Spirit   .   v - +2 plate armour
rPois   .          Reflect  .   K - +0 hat
rElec   .          Harm     .   (no cloak)
rCorr   .          Rampage  .   J - +0 pair of gloves of Fena {rN+ Int+2}
Will    +++..                   e - +0 pair of boots
Stlth   ..........              (no amulet)
HPRegen 1.28/turn               g - +6 ring of dexterity
MPRegen 0.12/turn               (no ring)

@: lethally poisoned (0 -> -6), strong-willed, regenerating
A: horns 2, retaliatory headbutt, see invisible, strong-willed 1
a: Renounce Religion, Berserk, Trog's Hand, Brothers in Arms


You were on level 2 of the Lair of Beasts.
You worshipped Trog.
Trog was greatly pleased with you.
You visited 2 branches of the dungeon, and saw 12 of its levels.

You collected 742 gold pieces.

Inventory:

Hand Weapons
 k - a +2 scimitar of flaming
 z - a +4 glaive
 C - a +5 flail
 E - a +5 halberd of freezing (weapon)
Missiles
 G - a throwing net
Armour
 e - a +0 pair of boots (worn)
 v - a +2 plate armour (worn)
 J - the +0 pair of gloves of Fena (worn) {rN+ Int+2}
   (You found it on level 10 of the Dungeon)

   Int:       It affects your intelligence (+2).
   rN:        It protects you from negative energy.
 K - a +0 hat (worn)
Jewellery
 b - a ring of fire
 g - a +6 ring of dexterity (left hand)
 w - a ring of ice
 x - a ring of ice
 F - an amulet of magic regeneration
Wands
 f - a wand of iceblast (29) (quivered)
 i - a wand of acid (18)
 o - a wand of flame (21)
 r - a wand of polymorph (6)
 y - a wand of digging (2)
Scrolls
 a - a scroll of acquirement {unknown}
 d - 2 scrolls of vulnerability
 h - a scroll of blinking {unknown}
 j - 3 scrolls of teleportation
 l - 3 scrolls of fear
 I - a scroll of holy word {unknown}
 L - a scroll of identify
 N - 2 scrolls of silence {unknown}
Potions
 m - 7 potions of curing
 n - a potion of haste
 p - a potion of heal wounds {unknown}
 q - a potion of resistance
 s - 2 potions of lignification {unknown}
 t - a potion of berserk rage {unknown}
 u - a potion of degeneration {unknown}
 A - 2 potions of might
 B - a potion of flight {unknown}
 D - 2 potions of magic {unknown}
 H - a potion of invisibility
Miscellaneous
 M - a phantom mirror


   Skills:
 * Level 15.5 Fighting
 - Level 3.6 Axes
 + Level 11.2 Armour
 - Level 8.2 Dodging
 + Level 6.6 Evocations


You had 10 spell levels left.
You didn't know any spells.
Your spell library was empty.

Dungeon Overview and Level Annotations

Branches:
Dungeon (10/15)            Temple (0/1) D:7            Lair (2/6) D:9
  Snake (0/4) Lair:2          Orc (0/2) D:9
  Swamp: Lair:2-4    Shoals: Lair:2-4

Altars:
Cheibriados
Gozag
Makhleb
Nemelex Xobeh
Ru
Sif Muna
Wu Jian
Xom
Yredelemnul
Zin
Beogh

Shops:
D:4 *   D:7 *

Annotations:
D:10 1 runed translucent door


Innate Abilities, Weirdness & Mutations

You have a pair of horns on your head.
You reflexively headbutt those who attack you in melee.
You have supernaturally acute eyesight. (SInv)
You are strong-willed. (Will+)


Message History

You furiously retaliate!
You headbutt the water moccasin!
You kill the water moccasin!
Trog accepts your kill. The cane toad stings you.
* * * LOW HITPOINT WARNING * * *
You are more poisoned.
The cane toad poisons you!
You feel very sick. The cane toad barely misses you. You furiously retaliate!
You headbutt the cane toad! You barely miss the water moccasin.
Your headbutt misses the water moccasin.
You feel very sick.
The water moccasin bites you but does no damage.
The cane toad completely misses you.
The water moccasin bites you but does no damage.
Unknown command.
You slash the cane toad! You freeze the cane toad.
You kill the cane toad!
Trog accepts your kill.
You feel very sick. The water moccasin closely misses you.
The water moccasin bites you but does no damage.
You slash the water moccasin! You freeze the water moccasin.
Your headbutt misses the water moccasin.
The water moccasin is moderately wounded.
You feel sick.
The water moccasin bites you but does no damage.
The water moccasin bites you.
* * * LOW HITPOINT WARNING * * *
You are lethally poisoned!
The water moccasin poisons you!
You miss the water moccasin.
The water moccasin is moderately wounded.
* * * LOW HITPOINT WARNING * * *
You feel extremely sick.
The water moccasin bites you but does no damage. x2
Your skin crawls.
You feel strong-willed.
You die...

##..........≈≈≈.....≈≈≈.,*,,,,,,,
..........)P.≈≈≈≈.≈≈≈≈..*.,,,,,,,
...P....<.....≈≈≈≈≈≈≈.##...,,,,,,
.......>......≈≈≈≈≈≈.......,,,,,,
...........................,,,,,,
...................#.......,,,,,,
.........................#.,,,,,,
.................S.#...#...,,,,,,
................@..........,,,,,,
.$...............#.......#,,,,,,,
...........<....##.....#.#,,,,,,,
##...............#.......#*,,,,,,
#,#.............##........#*,,,,,
*,...............##......##*,,,,,
,,,,,,,,,.....#.,,#......#*,,,,,,
,*,,,,,,,......#**##.....#,,,,,,,
**,,,,,,,..##.P* *.#.#.#*,,,**,


You could see a water moccasin.

Vanquished Creatures
  Gastronok (Lair:1)
  A hydra (Lair:1)
  A black mamba (Lair:1)
  The ghost of XVortexX the Transmogrifier, a novice NaTm (D:6)
  An unseen horror (D:10)
  5 cane toads
  A rime drake (Lair:2)
  2 komodo dragons (Lair:2)
  A polar bear (Lair:2)
  A hornet (D:8)
  A troll (D:8)
  A wraith (D:10)
  Grum (D:10)
  A yak (D:8)
  2 basilisks
  Menkaure (D:5)
  A naga (Lair:2)
  7 water moccasins
  2 acid dragons
  3 black bears
  4 orc warriors
  Duvessa (D:5)
  2 hornet zombies
  An ice beast (D:5)
  3 ogres
  2 sky beasts
  4 centaurs
  4 wolves (D:10)
  2 kobold brigands (D:10)
  13 bullfrogs
  6 scorpions
  Dowan (D:5)
  9 wights
  An electric eel (Lair:2)
  3 howler monkeys
  A jelly (D:7)
  2 centaur zombies
  3 bullfrog skeletons
  2 hounds
  5 orc priests
  A centaur skeleton (D:4)
  7 iguanas
  5 orc wizards
  Ijyb (D:5)
  A killer bee zombie (D:6)
  A hound skeleton (D:4)
  3 howler monkey zombies
  7 gnolls
  5 adders
  A worm (D:5)
  4 dart slugs
  26 orcs
  4 ball pythons
  8 endoplasms
  4 giant cockroaches
  10 goblins
  8 hobgoblins
  13 kobolds
  3 quokkas
  6 bats
  4 frilled lizards
  2 rats
228 creatures vanquished.

Vanquished Creatures (others)
  2 plants
2 creatures vanquished.

Grand Total: 230 creatures vanquished

Notes
Turn   | Place    | Note
-------+----------+-------------------------------------------
     0 | D:1      | doricub5 the Minotaur Berserker began the quest for the
                  | Orb.
     0 | D:1      | Reached XP level 1. HP: 19/19 MP: 0/0
   199 | D:1      | Reached skill level 4 in Fighting
   199 | D:1      | Reached XP level 2. HP: 25/27 MP: 1/1
   518 | D:1      | Reached ** piety under Trog
   715 | D:1      | Found a faded altar of an unknown god.
   992 | D:2      | Found an opulent altar of Gozag.
   996 | D:2      | Reached XP level 3. HP: 34/34 MP: 2/2
  1687 | D:3      | Reached skill level 5 in Fighting
  1687 | D:3      | Reached XP level 4. HP: 33/42 MP: 3/3
  2019 | D:3      | Reached XP level 5. HP: 42/48 MP: 4/4
  2089 | D:3      | Found a glowing silver altar of Zin.
  2585 | D:3      | Reached *** piety under Trog
  2723 | D:4      | Found Usuchua's General Store.
  2800 | D:4      | Reached skill level 6 in Fighting
  3277 | D:4      | Reached XP level 6. HP: 48/58 MP: 5/5
  3554 | D:4      | Found a snail-covered altar of Cheibriados.
  3794 | D:4      | Reached skill level 7 in Fighting
  3799 | D:4      | Reached XP level 7. HP: 58/66 MP: 6/6
  3892 | D:5      | Entered Level 5 of the Dungeon
  3898 | D:5      | Noticed Ijyb
  3901 | D:5      | Killed Ijyb
  3902 | D:5      | Reached skill level 5 in Armour
  4055 | D:5      | Noticed Duvessa
  4058 | D:5      | Noticed Dowan
  4063 | D:5      | Killed Duvessa
  4074 | D:5      | Killed Dowan
  4075 | D:5      | Reached skill level 8 in Fighting
  4075 | D:5      | Reached skill level 5 in Dodging
  4372 | D:5      | Reached XP level 8. HP: 74/75 MP: 7/7
  4443 | D:5      | Reached skill level 9 in Fighting
  4706 | D:5      | Found a shimmering blue altar of Sif Muna.
  5080 | D:5      | Noticed Menkaure
  5083 | D:5      | Killed Menkaure
  5281 | D:5      | Found a sparkling altar of Nemelex Xobeh.
  5302 | D:5      | Reached skill level 10 in Fighting
  5956 | D:6      | Reached skill level 1 in Evocations
  6137 | D:6      | Found a runed translucent gate.
  6137 | D:6      | Found a runed translucent gate.
  6137 | D:6      | Found a runed translucent gate.
  6137 | D:6      | Noticed XVortexX's ghost (novice NaTm)
  6139 | D:6      | Found a basalt altar of Yredelemnul.
  6144 | D:6      | Reached XP level 9. HP: 86/86 MP: 8/8
  6158 | D:6      | Killed XVortexX's ghost
  6551 | D:6      | Found a shimmering altar of Xom.
  6755 | D:7      | Reached **** piety under Trog
  6854 | D:7      | Reached skill level 11 in Fighting
  7295 | D:7      | Found Goymit's Neck Hole.
  7341 | D:7      | Found a staircase to the Ecumenical Temple.
  7945 | D:8      | Found an ornate altar of the Wu Jian Council.
  7962 | D:8      | Gained mutation: You are robust. (+10% HP) [potion of
                  | mutation]
  8453 | D:8      | Identified the +9 hunting sling "Edwirphawk" {flame, Will+
                  | Int+4}
  8492 | D:8      | Reached skill level 12 in Fighting
  8748 | D:8      | Found a burning altar of Makhleb.
  9151 | D:9      | Noticed a troll
  9167 | D:8      | Killed a troll
  9168 | D:8      | Reached XP level 10. HP: 54/105 MP: 9/9
  9672 | D:9      | Found a staircase to the Orcish Mines.
  9945 | D:9      | Lost mutation: You are robust. (+10% HP) [potion of
                  | mutation]
  9945 | D:9      | Gained mutation: Your magical capacity is low. (-10% MP)
                  | [potion of mutation]
  9945 | D:9      | Gained mutation: You have hidden genetic defects. [potion
                  | of mutation]
  9945 | D:9      | Gained mutation: You have sharp toenails. [potion of
                  | mutation]
  9945 | D:9      | Gained mutation: You are strong-willed. (Will+) [potion of
                  | mutation]
  9947 | D:9      | Lost mutation: You have sharp toenails. [potion of
                  | mutation]
  9947 | D:9      | Lost mutation: Your magical capacity is low. (-10% MP)
                  | [potion of mutation]
  9947 | D:9      | Lost mutation: You have hidden genetic defects. [potion of
                  | mutation]
  9947 | D:9      | Gained mutation: You have supernaturally acute eyesight.
                  | (SInv) [potion of mutation]
 10169 | D:9      | Found a sacrificial altar of Ru.
 10219 | D:9      | Found a staircase to the Lair.
 10477 | D:10     | Entered Level 10 of the Dungeon
 10682 | D:10     | Reached skill level 13 in Fighting
 10944 | D:10     | Noticed Grum
 10952 | D:10     | Killed Grum
 11284 | D:10     | Identified the +0 pair of gloves of Fena {rN+ Int+2}
 11371 | D:10     | Reached skill level 5 in Evocations
 11485 | D:10     | Found a runed translucent door.
 11492 | D:10     | Noticed an ettin
 11492 | D:10     | Noticed a rakshasa
 11493 | D:10     | Noticed a six-headed hydra
 11493 | D:10     | Noticed a two-headed ogre
 11554 | Lair:1   | Entered Level 1 of the Lair of Beasts
 11569 | Lair:1   | Noticed a cane toad
 11575 | Lair:1   | Killed a cane toad
 11673 | Lair:1   | Noticed a cane toad
 11681 | Lair:1   | Killed a cane toad
 11682 | Lair:1   | Reached skill level 14 in Fighting
 11682 | Lair:1   | Reached skill level 10 in Armour
 11845 | Lair:1   | Noticed a cane toad
 11852 | Lair:1   | Killed a cane toad
 11853 | Lair:1   | Reached XP level 11. HP: 110/110 MP: 10/10
 11978 | Lair:1   | Noticed a four-headed hydra
 11991 | Lair:1   | Killed a five-headed hydra
 12236 | Lair:1   | Noticed Gastronok
 12260 | Lair:1   | Killed Gastronok
 12796 | Lair:2   | Reached skill level 15 in Fighting
 12807 | Lair:2   | Found a staircase to the Snake Pit.
 13028 | Lair:2   | HP: 3/113 [poisoned by a water moccasin]
 13029 | Lair:2   | Succumbed to a water moccasin's poison

Illustrated notes

Levels and vault maps discovered:
D:1:      psy_arrival_fountain, layout_basic,
          hellmonk_ecumenical_altar_slurped_away
D:2:      layout_basic, basic_altar
D:3:      minmay_inner_zag, layout_loops_corners, zin_treasury,
          grunt_ministairs_1, chequers_serial_rivers_small_b
D:4:      layout_basic, kennysheep_slug_shrine, serial_shops, shop
D:5:      layout_cave_pods, lemuel_round_altar, mainiacjoe_overflow_24_doors,
          uniq_ijyb, uniq_duvessa, uniq_menkaure
D:6:      layout_loops_ring, nicolae_yredelemnul_ghost_church,
          lemuel_coloured_pillars_altar, corner_web_ring
D:7:      layout_rooms, minmay_temple_entry_waves, minmay_misc_feat_rows,
          st_stairs_3, nicolae_shop_sticking_my_neck_out
D:8:      layout_gridville, general_overflow_altar, old_standard_altar
D:9:      layout_roguey, mainiacjoe_overflow_chevrons, lair_entry_dummy,
          david_orc_5, st_stairs_9
D:10:     layout_loops_ring, wad_hexagon, uniq_grum
Lair:1:   layout_roguey, uniq_gastronok
Lair:2:   layout_hall_layers, guppyfry_snake_entry_island,
          ebering_ghost_rock_garden, portal_ice_cave_entry_pillars_2,
          columned_hall_lemuel, gammafunk_lair_bear_cave,
          infiniplex_staircase_pool_2

Skill      XL: |  1  2  3  4  5  6  7  8  9 10 11 |
---------------+----------------------------------+-----
Fighting       | 4 5 6 7 8 10 12 14 15 | 15.5
Armour         | 3 4 5 7 8 10 11 | 11.2
Dodging        | 3 4 5 6 7 8 |  8.2
Evocations     | 1 3 5 6 |  6.6
Axes           | |  3.6

Action                   |  1- 3 |  4- 6 |  7- 9 | 10-12 || total
-------------------------+-------+-------+-------+-------++-------
Melee: Hand axe          |    71 |     7 |       |       ||    78
       Headbutt          |     8 |    19 |    57 |    55 ||   139
       Punch             |     1 |     3 |     2 |       ||     6
       Mace              |       |    83 |   174 |       ||   257
       Unarmed           |       |       |     9 |       ||     9
       Glaive            |       |       |    69 |    64 ||   133
       Halberd           |       |       |       |   180 ||   180
       Scimitar          |       |       |       |     5 ||     5
Invok: Berserk           |       |       |     2 |     2 ||     4
       Trog's Hand       |       |       |     1 |     4 ||     5
  Use: Scroll            |       |     6 |     9 |     8 ||    23
       Potion            |       |       |     1 |     2 ||     3
Armor: Animal skin       |     7 |       |       |       ||     7
       Scale mail        |    23 |    33 |     3 |       ||    59
       Leather armour    |     4 |       |       |       ||     4
       Chain mail        |       |       |    42 |       ||    42
       Skin              |       |       |     2 |       ||     2
       Plate armour      |       |       |    87 |   138 ||   225
Dodge: Dodged            |    25 |    52 |   153 |   148 ||   378
